 Dungeon Crawl Stone Soup version 0.30.0-10-gfe55d96785 (webtiles) character file.

Game seed: 10499842477714646812

49 qw the Chopper (level 3, -4/23 HPs)
             Began as a Gargoyle Cinder Acolyte on May 17, 2023.
             Was a High Priest of Ignis.
             Killed by divine providence
             ... invoked by an orc priest
              (15 damage)
             ... on level 3 of the Dungeon.
             The game lasted 00:00:41 (1511 turns).

qw the Chopper (Gargoyle Cinder Acolyte)            Turns: 1511, Time: 00:00:41

Health: -4/23      AC: 16    Str: 16 (19) XL:     3   Next: 77%
Magic:  0/4        EV: 10    Int: 12 (14) God:    Ignis [*****.]
Gold:   116        SH:  0    Dex:  3 (5)  Spells: 4/4 levels left

rFire   + . .        Y - -1 hand axe (flame)
rCold   . . .        (no shield)
rNeg    + . .        a - +0 ring mail
rPois   inf          n - +0 helmet
rElec   +            (no cloak)
rCorr   .            (no gloves)
SInv    .            (no boots)
Will    .....        c - amulet of guardian spirit Stlth
                     (no ring)
HPRegen 0.23/turn    (no ring)
MPRegen 0.09/turn

%: guardian spirit
@: fiery-armoured
A: sickness immunity, AC +3, negative energy resistance 1, electricity
resistance, torment resistance 1, petrification resistance
a: Renounce Religion, Fiery Armour, Foxfire Swarm, Rising Flame


You were on level 3 of the Dungeon.
You worshipped Ignis.
Ignis was extremely pleased with you.
You visited 1 branch of the dungeon, and saw 3 of its levels.

You collected 116 gold pieces.


Innate Abilities, Weirdness & Mutations

You are immune to sickness and miasma.
Your stone body is resilient. (AC +3)
You are immune to poison.
You resist negative energy. (rN+)
You are resistant to electric shocks. (rElec)
You are resistant to unholy torment.
You are immune to petrification.


   Skills:
 - Level 3.2 Fighting
 - Level 4.1 Axes
 + Level 0.3 Armour
 - Level 1.0 Spellcasting
 - Level 3.0 Fire Magic


You had 4 spell levels left.
You didn't know any spells.
Your spell library contained the following spells:

 Spells                   Type           Power      Damage    Failure   Level
 Scorch                   Fire           14%        2d5       26%         2

Inventory:

Hand Weapons
 Y - a -1 hand axe of flaming (weapon)
Armour
 a - a +0 ring mail (worn)
 n - a +0 helmet (worn)
Jewellery
 c - an amulet of guardian spirit (around neck)
Scrolls
 b - a scroll of teleportation
 e - a scroll of identify
Potions
 d - a potion of haste
 i - 3 potions of curing
 l - a potion of might

Dungeon Overview and Level Annotations

Branches:
Dungeon (3/15)

Altars:


Message History

c - an amulet of guardian spirit A rat comes into view.
You slash the rat! You burn the rat.
You kill the rat!
A ball python comes into view.
The ball python moves out of view.
The ball python hisses angrily.
The ball python bites you but does no damage.
The ball python grabs you. The ball python constricts you.
You hit the ball python. You burn the ball python.
You kill the ball python!
You start resting.
HP restored.
You see here a ball python corpse.
Found a stone staircase leading up.
Found a ring mail, a book of Blasting and a scroll of noise.
An orc priest comes into view. It is wielding a +0 morningstar.
The orc priest shouts!
An orc comes into view. It is wielding a +0 hand axe.
There are monsters nearby!
1505 ||| UPGRADING to amulet of guardian spirit.
You start putting on your amulet.
You continue putting on your amulet of guardian spirit.
The orc shouts!
You continue putting on your amulet of guardian spirit.
Keep equipping yourself?
You continue putting on your amulet of guardian spirit. x3
You finish putting on your amulet of guardian spirit.
You feel your power drawn to a protective spirit.
c - an amulet of guardian spirit (around neck)
The orc priest mumbles some strange prayers to Beogh against you.
Beogh smites you!
Ouch! That really hurt!
1511 ||| INVOKING Fiery Armour.
A protective cloak of flame settles atop you.
An orc comes into view.
It is wielding a +2 war axe of holy wrath.
The orc priest calls down the wrath of Beogh upon you.
Beogh smites you!
Ouch! That really hurt!
You die...

# #. ##..# .... #. .#
##...##.# #.####.
..######.......###......
...r....................
o...o.o.......##.#.###..
.#####o.................
.#!?:#.........#.#.#.%..
.#![$#.@.......#.#.#.#..
.#$$$#..#.....##.......#
.#####..#....###.#......
........#........###.###
........###.###### #.#
######### #.# #.# #<#
#.# #.# ... #.# ...


You could see an orc priest, 3 orcs and a rat.

Vanquished Creatures
  3 adders (D:2)
  A dart slug (D:2)
  4 endoplasms
  A giant cockroach (D:2)
  A hobgoblin (D:2)
  2 kobolds
  A quokka (D:1)
  2 ball pythons
  2 frilled lizards
  A goblin (D:2)
  5 rats
23 creatures vanquished.

Notes
Turn   | Place    | Note
-------+----------+-------------------------------------------
     0 | D:1      | qw the Gargoyle Cinder Acolyte began the quest for the Orb.
     0 | D:1      | Reached XP level 1. HP: 14/14 MP: 2/2
     0 | D:1      | 0 ||| qw: Version: 0.2-a-95-g816fdde
     0 | D:1      | 0 ||| qw: Game counter: 74
     0 | D:1      | 0 ||| qw: Always use a shield: true
     0 | D:1      | 0 ||| qw: God list: Okawaru
     0 | D:1      | 0 ||| qw: Allow faded altars: false
     0 | D:1      | 0 ||| qw: Do Orc after D:15 true
     0 | D:1      | 0 ||| qw: Do second Lair branch before Depths: true
     0 | D:1      | 0 ||| qw: Lair rune preference: random
     0 | D:1      | 0 ||| qw: Plans: Normal
     0 | D:1      | 0 ||| PLANNING D:1-11
   116 | D:1      | Reached skill level 3 in Axes
   122 | D:1      | 122 ||| INVOKING Fiery Armour.
   324 | D:1      | Reached XP level 2. HP: 19/19 MP: 3/3
   562 | D:1      | 562 ||| UPGRADING to +0 leather armour.
   572 | D:1      | 572 ||| DROPPING +0 robe.
   573 | D:1      | 573 ||| UPGRADING to +0 helmet.
   578 | D:1      | 578 ||| READING scroll labelled IRIDUX WEXI.
   579 | D:1      | 579 ||| READING 3 scrolls labelled YSYAGHEUTA.
   580 | D:1      | 580 ||| READING 2 scrolls labelled FAOL QYRCHE.
   581 | D:1      | 581 ||| READING 3 scrolls labelled YXEQE ACUTIKE.
   582 | D:1      | 582 ||| READING scroll labelled KIOSYG JEDURROAZ.
   592 | D:1      | 592 ||| READING scroll labelled WAAXAS ALLE.
   596 | D:1      | 596 ||| READING 2 scrolls of identify.
   596 | D:1      | 596 ||| IDENTIFYING metallic black potion
   597 | D:1      | 597 ||| DROPPING scroll of fear.
   598 | D:1      | 598 ||| DROPPING 2 scrolls of immolation.
   734 | D:2      | Reached XP level 3. HP: 14/23 MP: 4/4
  1004 | D:2      | 1004 ||| Stepping ~*~*~tactically~*~*~ (hiding).
  1005 | D:2      | 1005 ||| Stepping ~*~*~tactically~*~*~ (hiding).
  1028 | D:2      | Reached skill level 4 in Axes
  1326 | D:2      | 1326 ||| UPGRADING to +0 ring mail.
  1336 | D:2      | 1336 ||| DROPPING +0 leather armour.
  1337 | D:2      | 1337 ||| READING scroll labelled FEKURR FIEPS.
  1338 | D:2      | 1338 ||| READING 2 scrolls labelled JAWOUX YDGHAPSI.
  1339 | D:2      | 1339 ||| DRINKING 3 murky green potions.
  1340 | D:2      | 1340 ||| DRINKING 4 sedimented orange potions.
  1341 | D:2      | 1341 ||| READING 3 scrolls of identify.
  1341 | D:2      | 1341 ||| IDENTIFYING clear potion
  1342 | D:2      | 1342 ||| READING 2 scrolls of identify.
  1342 | D:2      | 1342 ||| IDENTIFYING puce potion
  1343 | D:2      | 1343 ||| DROPPING 2 potions of degeneration.
  1344 | D:2      | 1344 ||| DROPPING potion of ambrosia.
  1345 | D:2      | 1345 ||| DROPPING scroll of vulnerability.
  1505 | D:3      | 1505 ||| UPGRADING to amulet of guardian spirit.
  1511 | D:3      | 1511 ||| INVOKING Fiery Armour.
  1511 | D:3      | Killed from afar by an orc priest

Levels and vault maps discovered:
D:1:      psy_arrival_radial01, layout_basic, hex_medium, corexii_hall_statues_x
D:2:      layout_basic, kennysheep_generic_room_13
D:3:      layout_loops_corners, serial_glass, glass_columns_c, glass_columns_b,
          due_unseen_surprise

Skill      XL: |  1  2  3 |
---------------+----------+-----
Axes           | 3 4 |  4.1
Fighting       | |  3.2
Armour         | |  0.3
Spellcasting   | |  1.0
Fire Magic     | |  3.0

Action                     || total
---------------------------++-------
  Melee: Hand axe          ||    72
 Invoke: Fiery Armour      ||     2
    Use: Scroll            ||    11
         Potion            ||     2
 Armour: Robe              ||     5
         Leather armour    ||    19
         Ring mail         ||     2
  Dodge: Dodged            ||    32

Table legend:
 A = Non-vault XP
 B = Vault XP
 C = Vault XP percentage of total XP
 D = Non-vault monster count
 E = Vault monster count
 F = Vault count percentage of total count
                 A         B        C        D         E       F
            +---------+---------+-------+---------+---------+-------
      Total |      71 |       0 |   0.0 |      23 |       0 |   0.0
            +---------+---------+-------+---------+---------+-------
        D:1 |      11 |       0 |   0.0 |       8 |       0 |   0.0
        D:2 |      56 |       0 |   0.0 |      12 |       0 |   0.0
        D:3 |       4 |       0 |   0.0 |       3 |       0 |   0.0
            +---------+---------+-------+---------+---------+-------
